 Dungeon Crawl Stone Soup version 0.28-a0-474-g535839065c (webtiles) character file.

Game seed: 10777252885218170386

1155 robertstho the Magician (level 8, -2/55 HPs)
             Began as a Djinni Fire Elementalist on Sept 15, 2021.
             Was an Initiate of Gozag.
             Killed by divine providence
             ... invoked by an orc priest
              (12 damage)
             ... on level 6 of the Dungeon.
             The game lasted 00:06:42 (7040 turns).

robertstho the Magician (Djinni Fire Elementalist)  Turns: 7040, Time: 00:06:43

Health: -2/55      AC:  4    Str:  7    XL:     8   Next: 66%
Gold:   573        EV: 12    Int: 20    God:    Gozag SH:  0 Dex: 13

rFire   + + +      SeeInvis .   p - +10 hand axe of Fulisiff {vorpal, rF+}
rCold   x . .      Faith    .   (no shield)
rNeg    . . .      Spirit   .   a - +0 robe
rPois   ∞          Reflect  .   (no helmet)
rElec   .          Harm     .   e - +1 cloak
rCorr   .          Rampage  .   (no gloves)
Will    .....                   (boots unavailable)
Stlth   ++........              (no amulet)
HPRegen 0.18/turn               (no ring)
MPRegen 0.00/turn               (no ring)

@: flying
A: sickness immunity, fire resistance 2, cold vulnerability 1, float, innate
caster, hp casting, extra vitality 1
a: Renounce Religion, Potion Petition, Call Merchant, Bribe Branch


You were on level 6 of the Dungeon.
You worshipped Gozag.
Gozag was pleased with you.
You visited 1 branch of the dungeon, and saw 6 of its levels.

You collected 611 gold pieces.
You paid 38 gold pieces to Gozag.

Inventory:

Hand Weapons
 f - a +0 dagger
 p - the +10 hand axe of Fulisiff (weapon) {vorpal, rF+}
   (You found it on level 4 of the Dungeon)

   It inflicts extra damage upon your enemies.
   rF:        It protects you from fire.
Armour
 a - a +0 robe (worn)
 e - a +1 cloak (worn)
Wands
 j - a wand of flame (19)
Scrolls
 c - a scroll of silence {unknown}
 h - a scroll of amnesia {unknown}
 k - a scroll of immolation {unknown}
 l - 2 scrolls of blinking {unknown}
 n - a scroll of teleportation {unknown}
 o - 4 scrolls of identify {unknown}
 q - a scroll of vulnerability {unknown}
Potions
 b - a potion of brilliance {unknown}
 d - a potion of invisibility {unknown}
 g - 2 potions of curing {unknown}
 i - a potion of degeneration {unknown}
 m - 2 potions of heal wounds {unknown}
 r - a potion of haste {unknown}


   Skills:
 * Level 2.6 Fighting
 + Level 2.5 Dodging
 + Level 2.0 Stealth
 * Level 7.3 Spellcasting


You had 2 spell levels left.
You knew the following spells:

 Your Spells              Type           Power      Damage    Failure   Level
a - Foxfire               Conj/Fire      100%       2x1d9     1%          1
b - Scorch                Fire           72%        2d8       1%          2
c - Conjure Flame         Conj/Fire      36%        6-21      1%          3
d - Inner Flame           Hex/Fire       36%        N/A       1%          3
e - Flame Wave            Conj/Fire      36%        3d8       4%          4
f - Magic Dart            Conj           100%       1d8       1%          1
g - Call Imp              Summ           36%        N/A       1%          2
h - Gell's Gravitas       Tloc           18%        N/A       1%          3
Your spell library was empty.

Dungeon Overview and Level Annotations

Branches:
Dungeon (6/15)
 Temple: D:4-7

Altars:
Gozag


Innate Abilities, Weirdness & Mutations

You are immune to sickness and miasma.
You are immune to poison.
Your flesh is very heat resistant. (rF++)
You are vulnerable to cold. (rC-)
You float through the air rather than walking.
You learn spells naturally, not from books.
Your magical power is your life essence.
You have superior vitality. (+4 HP)


Message History

The orc warrior is distracted by your dazzling golden aura.
What are your orders? t - Shout!
Orders for allies: a - Attack new target. r - Retreat! s - Stop attacking. g - Guard the area. f - Follow me.
Anything else - Cancel.
Gang up on whom?
Press: ? - help, Dir - move target, f - orc warrior
Aim: an orc warrior, wielding a +0 glaive of flaming and wearing a +0 chain mail (almost dead) Attack!
The orc warrior hits your white imp from afar with a +0 glaive of flaming.
The orc warrior burns your white imp.
Your white imp gestures at the orc warrior.
The puff of frost hits the orc warrior.
Something hits your white imp! Something burns your white imp.
Your white imp dies!
Your white imp disappears in a puff of smoke!
There is an open door here.
Casting: Call Imp (safe; 1% risk of failure)
Confirm with . or Enter, or press ? or * to list all spells.
A beastly little devil appears in a puff of flame.
The orc warrior shouts!
* * * LOW HITPOINT WARNING * * *
You swap places.
The orc warrior hits your crimson imp with a +0 glaive of flaming!
Your crimson imp closely misses the orc warrior.
The orc warrior closely misses your crimson imp.
Your crimson imp barely misses the orc warrior.
The orc warrior hits your crimson imp with a +0 glaive of flaming.
Your crimson imp dies!
Your crimson imp disappears in a puff of smoke!
There is a large open door here.
There is a large open door here.
You reach down and close the large door.
An orc warrior opens the large door.
The orc priest mumbles some strange prayers to Beogh against you.
Beogh smites you!
You die...
Your body crumbles into a pile of gold.

....####..# .
####..###
..#.......#
..........#
.#####.#..#.####
#. #..........
#.#####.##.#.####
#.......##...#
#.......@....#
.......#.###..#
#..........#..# $
#.....#....##>#
#.....#....# ##
#.....#.o..#
#.....##'### $ .
###o## #####....#


You could see an orc warrior and an orc priest.

Vanquished Creatures
  Grinder (D:4)
  A black bear (D:6)
  A necrophage (D:6)
  An ogre (D:4)
  A scorpion (D:5)
  A water moccasin skeleton (D:5)
  A howler monkey (D:4)
  2 hounds
  An orc priest (D:5)
  A jelly (D:5)
  2 centaur skeletons
  An iguana (D:4)
  A scorpion zombie (D:5)
  Terence (D:3)
  4 orc wizards
  2 hound skeletons
  5 adders
  A shadow imp (D:4)
  A worm (D:5)
  6 dart slugs
  14 orcs
  9 bats
  12 endoplasms
  5 goblins
  5 hobgoblins
  7 jackals
  2 quokkas (D:1)
  7 ball pythons
  5 frilled lizards
  8 kobolds
  5 rats
114 creatures vanquished.

Vanquished Creatures (others)
  105 foxfires
  9 plants (D:2)
114 creatures vanquished.

Grand Total: 228 creatures vanquished

Notes
Turn   | Place    | Note
-------+----------+-------------------------------------------
     0 | D:1      | robertstho the Djinni Fire Elementalist began the quest for
                  | the Orb.
     0 | D:1      | Reached XP level 1. HP: 15/15 MP: 0/0
   263 | D:1      | Reached XP level 2. HP: 19/22 MP: 0/0
   759 | D:1      | Reached skill level 1 in Fighting
  1081 | D:1      | Reached XP level 3. HP: 20/27 MP: 0/0
  1081 | D:1      | Learned a level 1 spell: Magic Dart
  1167 | D:1      | Reached skill level 3 in Spellcasting
  1981 | D:2      | Reached XP level 4. HP: 25/32 MP: 0/0
  2155 | D:2      | Found a faded altar of an unknown god.
  3093 | D:3      | Noticed Terence
  3097 | D:3      | Killed Terence
  3098 | D:3      | Reached XP level 5. HP: 21/37 MP: 0/0
  3098 | D:3      | Learned a level 2 spell: Call Imp
  3893 | D:3      | Found an opulent altar of Gozag.
  3905 | D:3      | Became a worshipper of Gozag Ym Sagoz the Greedy
  4101 | D:4      | Reached skill level 4 in Spellcasting
  4191 | D:4      | Noticed Grinder
  4501 | D:4      | Reached XP level 6. HP: 35/42 MP: 0/0
  4512 | D:4      | Noticed an ogre
  4514 | D:4      | Killed Grinder
  4515 | D:4      | Reached skill level 5 in Spellcasting
  4515 | D:4      | Reached XP level 7. HP: 27/48 MP: 0/0
  4515 | D:4      | Learned a level 3 spell: Gell's Gravitas
  4774 | D:4      | Identified the +10 hand axe of Fulisiff {vorpal, rF+}
  5418 | D:5      | Entered Level 5 of the Dungeon
  5427 | D:5      | Reached skill level 6 in Spellcasting
  5677 | D:5      | Reached XP level 8. HP: 46/54 MP: 0/0
  6804 | D:6      | Reached skill level 7 in Spellcasting
  7040 | D:6      | Killed from afar by an orc priest

Illustrated notes

Levels and vault maps discovered:
D:1:      psy_arrival_spokes, layout_loops_ring, hex_tiny,
          grunt_decor_one_mirror
D:2:      layout_basic, serial_bayou, serial_bayou_crossing,
          serial_bayou_shore_b, serial_bayou_lagoon_a, serial_bayou_lagoon_b,
          hellmonk_ecumenical_altar_run_dry
D:3:      layout_basic, nicolae_gozag_cash_rules_everything_around_me,
          uniq_terence
D:4:      layout_basic, kennysheep_generic_room_10, uniq_grinder
D:5:      layout_loops_cross, minmay_diced_spiral
D:6:      layout_basic, serial_shops, nicolae_square_shop

Skill      XL: |  1  2  3  4  5  6  7  8 |
---------------+-------------------------+-----
Fighting       | 1 2 |  2.6
Spellcasting   | 3 4 5 6 7 |  7.3
Stealth        | 2 |  2.0
Dodging        | |  2.5

Action                   |  1- 3 |  4- 6 |  7- 9 || total
-------------------------+-------+-------+-------++-------
Melee: Unarmed           |     2 |       |       ||     2
       Dagger            |       |     4 |       ||     4
       Hand axe          |       |       |     1 ||     1
 Cast: Foxfire           |    36 |    12 |    15 ||    63
       Scorch            |    25 |    63 |    69 ||   157
       Flame Wave        |       |     1 |     2 ||     3
       Call Imp          |       |       |     2 ||     2
 Stab: Sleeping          |     1 |       |       ||     1
Armor: Robe              |     4 |    12 |     7 ||    23
Dodge: Dodged            |     7 |    12 |    17 ||    36

Table legend: (Time is in decaauts)
 A = Elapsed time spent in this place.
 B = Non-inter-level travel time spent in this place.
 C = Inter-level travel time spent in this place.
 D = Time resting spent in this place.
 E = Time spent auto-exploring this place.
 F = Levels seen in this place.
 G = Mean time per level.
                   A        B        C        D        E       F      G
               +--------+--------+--------+--------+--------+-----+--------+
         Total |   7040 |   6800 |    240 |    449 |   5712 |   6 | 1173.3 |
       Dungeon |   7040 |   6800 |    240 |    449 |   5712 |   6 | 1173.3 |
               +--------+--------+--------+--------+--------+-----+--------+

Top non-repeatable levels by time:
     D:1: 1728 daAuts
     D:3: 1372 daAuts
     D:5: 1360 daAuts
     D:2: 1342 daAuts
     D:4: 974 daAuts
     D:6: 261 daAuts
